 Dungeon Crawl Stone Soup version 0.29-a0-901-g46a8461d6a (webtiles) character file.

Game seed: 11665334139315275350

804 Aviak the Changer (level 8, -1/70 HPs)
             Began as a Meteoran Transmuter on July 23, 2022.
             Was an Initiate of Ru.
             Succumbed to a water moccasin's poison
             ... on level 6 of the Dungeon.
             The game lasted 00:07:41 (2631 turns).

Aviak the Changer (Meteoran Transmuter)             Turns: 2631, Time: 00:07:42

Health: -1/70      AC:  3    Str: 14    XL:     8   Next: 36%
Magic:  13/13      EV: 12    Int: 15    God:    Ru [......]
Gold:   224        SH:  0    Dex: 14    Spells: 7/13 levels left

rFire   + + .      SeeInvis .     - Unarmed
rCold   + . .      Faith    .   (no shield)
rNeg    + . .      Spirit   .   f - +0 leather armour
rPois   +          Reflect  .   (no helmet)
rElec   +          Harm     .   (no cloak)
rCorr   +          Rampage  .   (no gloves)
Will    +....                   (no boots)
Stlth   +.........              (no amulet)
HPRegen 0.21/turn               F - ring of protection from fire
MPRegen 0.13/turn               e - ring of positive energy

@: mighty, lethally poisoned (-1 -> -4), resistant, on berserk cooldown, slowed,
glowing, very slow
A: sense surroundings 1, otherworldly, glowing, explore regen
a: Renounce Religion


You were on level 6 of the Dungeon.
You worshipped Ru.
Ru was noncommittal.
You visited 2 branches of the dungeon, and saw 7 of its levels.

You collected 224 gold pieces.

Inventory:

Armour
 a - a +0 robe
 f - a +0 leather armour (worn)
 m - a +0 cloak
Jewellery
 e - a ring of positive energy (right hand)
 o - a ring of resist corrosion
 F - a ring of protection from fire (left hand)
 Z - a ring of see invisible
Scrolls
 b - 3 scrolls of identify {unknown}
 d - a scroll of butterflies {unknown}
 k - a scroll of silence {unknown}
 n - a scroll of enchant armour {unknown}
 p - 2 scrolls of magic mapping {unknown}
Potions
 i - a potion of heal wounds {unknown}
 j - a potion of might
 l - 2 potions of mutation {unknown}


   Skills:
 - Level 6.0 Fighting
 + Level 3.4 Dodging
 - Level 3.6 Unarmed Combat
 - Level 3.0 Spellcasting
 + Level 7.2 Transmutations
 + Level 2.2 Poison Magic


You had 7 spell levels left.
You knew the following spells:

 Your Spells              Type           Power      Damage    Failure   Level
a - Beastly Appendage     Tmut           48%        N/A       1%          1
b - Wereblood             Tmut           24%        N/A       1%          2
c - Spider Form           Tmut/Pois      16%        N/A       11%         3

Your spell library contained the following spells:

 Spells                   Type           Power      Damage    Failure   Level
 Passwall                 Tmut/Erth      10%        N/A       9%          2
 Ensorcelled Hibernation  Hex/Ice        4%         N/A       36%         2
 Ice Form                 Ice/Tmut       13%        N/A       50%         4
 Swiftness                Air            2%         N/A       58%         3


Dungeon Overview and Level Annotations

Branches:
Dungeon (6/15) Zot: 1035   Temple (1/1) D:4 Zot: 554

Altars:
Ashenzari
Cheibriados
Fedhas
Kikubaaqudgha
Makhleb
Nemelex Xobeh
Okawaru
Ru
Vehumet
Wu Jian
The Shining One
Lugonu


Innate Abilities, Weirdness & Mutations

You passively map a small area around you.
You are easily found by Zot.
You glow in the dark.
You regain HP and MP as you explore.


Message History

The water moccasin is almost dead.
* * * LOW HITPOINT WARNING * * *
You feel very sick. The water moccasin bites you.
* * * LOW HITPOINT WARNING * * *
You hit the water moccasin.
You kill the water moccasin!
* * * LOW HITPOINT WARNING * * *
You feel sick.
Your Poison Magic skill increases to level 2!
It was a potion of resistance.
You feel protected.
* * * LOW HITPOINT WARNING * * *
You feel sick.
You are lethally poisoned (2 -> -3).
Expiring: You have temporarily grown beastly horns and talons.
You are resistant to the elements.
You are glowing.
Your movement speed is average.
Your attack delay is about 0.9.
It was a potion of berserk rage.
A red film seems to cover your vision as you go berserk!
You feel yourself moving faster!
You feel mighty!
* * * LOW HITPOINT WARNING * * *
You feel sick.
Unknown command.
You feel a strong urge to attack something.
* * * LOW HITPOINT WARNING * * *
You feel sick.
Unknown command.
Okay, then.
You feel your anger nearly subside.
* * * LOW HITPOINT WARNING * * *
You feel sick.
Unknown command.
You are no longer berserk.
You are exhausted.
You feel yourself slow down.
It was a potion of might.
You feel very mighty all of a sudden.
Your horns disappear.
Your talons disappear.
You die...

, ,.<..........#.# #...#
,
....#.#.......#####...###
.. .#.#..................
*, ......................
, ..#.#..................
...#.##......#####...###
..........#### #...# *
######†### #...# * #@#
#?..# #.# * #...# *
***#.#* * *##.## , , ..#
.. , * ### , , .. * , * *
8 , ,, , * ** * ,* * * ,
, ,


There were no monsters in sight!

Vanquished Creatures
  Sigmund (D:4)
  Menkaure (D:5)
  A water moccasin (D:6)
  A black bear (D:6)
  A phantom (D:5)
  A jelly (D:5)
  A gnoll bouda (D:4)
  An iguana (D:5)
  An orc wizard (D:6)
  4 gnolls (D:4)
  6 adders
  2 worms (D:3)
  A dart slug (D:1)
  2 orcs (D:6)
  6 bats
  3 endoplasms
  A giant cockroach (D:4)
  A goblin (D:2)
  2 hobgoblins
  10 jackals
  7 kobolds
  2 quokkas (D:5)
  2 ball pythons
  3 frilled lizards
  2 rats
63 creatures vanquished.

Vanquished Creatures (others)
  16 plants (D:6)
16 creatures vanquished.

Grand Total: 79 creatures vanquished

Notes
Turn   | Place    | Note
-------+----------+-------------------------------------------
     0 | D:1      | Aviak the Meteoran Transmuter began the quest for the Orb.
     0 | D:1      | Reached XP level 1. HP: 16/16 MP: 5/5
    20 | D:1      | Found a faded altar of an unknown god.
    29 | D:1      | Reached XP level 2. HP: 22/23 MP: 6/6
   140 | D:1      | Learned a level 2 spell: Wereblood
   157 | D:2      | Reached skill level 3 in Transmutations
   157 | D:2      | Reached XP level 3. HP: 19/29 MP: 6/8
   668 | D:3      | Reached XP level 4. HP: 21/37 MP: 7/9
  1025 | D:3      | Reached skill level 4 in Transmutations
  1039 | D:3      | Found a blossoming altar of Fedhas.
  1053 | D:3      | You fall into a shaft and drop 2 floors!
  1053 | D:5      | Entered Level 5 of the Dungeon
  1065 | D:5      | Reached XP level 5. HP: 45/45 MP: 10/10
  1159 | D:5      | Noticed a phantom
  1175 | D:5      | Killed a phantom
  1176 | D:5      | Reached skill level 5 in Transmutations
  1176 | D:5      | Reached XP level 6. HP: 24/52 MP: 11/11
  1380 | D:4      | Found a snail-covered altar of Cheibriados.
  1510 | D:4      | Found a staircase to the Ecumenical Temple.
  1521 | Temple   | Entered the Ecumenical Temple
  1553 | Temple   | Became a worshipper of Ru the Awakened
  1598 | D:4      | Noticed Sigmund
  1608 | D:4      | Killed Sigmund
  1609 | D:4      | Reached skill level 5 in Fighting
  1609 | D:4      | Reached skill level 6 in Transmutations
  1609 | D:4      | Reached XP level 7. HP: 54/61 MP: 12/12
  1716 | D:3      | Found an ornate altar of the Wu Jian Council.
  1981 | D:5      | Noticed Menkaure
  1998 | D:5      | Killed Menkaure
  2003 | D:5      | Learned a level 3 spell: Spider Form
  2353 | D:6      | Reached XP level 8. HP: 44/70 MP: 11/13
  2489 | D:6      | Reached skill level 7 in Transmutations
  2489 | D:6      | Reached skill level 1 in Poison Magic
  2625 | D:6      | HP: 2/70 [poisoned by a water moccasin]
  2631 | D:6      | Succumbed to a water moccasin's poison

Illustrated notes

Levels and vault maps discovered:
D:1:      wander_arrival_desolate, layout_rooms,
          dreamdust_ecumenical_altar_statues, minmay_misc_feat_columns
D:2:      layout_basic
D:3:      layout_basic, lemuel_crystal_altar, nzn_wu_jian_council_hall,
          kennysheep_nub
D:4:      layout_basic, lemuel_tele_altar, minmay_temple_entry_statues_pillars,
          uniq_sigmund
D:5:      layout_gridville, riverfiend_overflow_shadow_ancestor, fountainhead,
          minmay_misc_feat_tiny, minmay_statues_item, uniq_menkaure, uniq_pikel
D:6:      layout_loops_cross, zin_statuary, mainiacjoe_overflow_chevrons,
          serial_shops, nicolae_shop_overgrown_old_shop, shop
Temple:   corrupted_temple

Skill      XL: |  1  2  3  4  5  6  7  8 |
---------------+-------------------------+-----
Spellcasting   | 3 |  3.0
Fighting       | 2 3 4 5 6 |  6.0
Transmutations | 3 4 5 6 7 |  7.2
Dodging        | 3 |  3.4
Poison Magic   | 2 |  2.2
Unarmed Combat | |  3.6

Action                   |  1- 3 |  4- 6 |  7- 9 || total
-------------------------+-------+-------+-------++-------
Melee: Unarmed           |    63 |   119 |    85 ||   267
       Headbutt          |     6 |    16 |    10 ||    32
       Kick              |     9 |    19 |    24 ||    52
       Punch             |     1 |     4 |       ||     5
 Cast: Beastly Appendage |     7 |    11 |     7 ||    25
       Wereblood         |       |     2 |     1 ||     3
  Use: Potion            |       |     6 |     5 ||    11
Armor: Robe              |     4 |       |       ||     4
       Leather armour    |    18 |    30 |    29 ||    77
       Skin              |       |    11 |       ||    11
Dodge: Dodged            |    44 |    54 |    56 ||   154

Table legend: (Time is in decaauts)
 A = Elapsed time spent in this place.
 B = Non-inter-level travel time spent in this place.
 C = Inter-level travel time spent in this place.
 D = Time resting spent in this place.
 E = Time spent auto-exploring this place.
 F = Levels seen in this place.
 G = Mean time per level.
                   A        B        C        D        E       F      G
               +--------+--------+--------+--------+--------+-----+--------+
         Total |   2610 |   2534 |     76 |    414 |   1348 |   7 |  372.9 |
       Dungeon |   2564 |   2500 |     64 |    414 |   1336 |   6 |  427.3 |
        Temple |     45 |     33 |     12 |      0 |     12 |   1 |   45.0 |
               +--------+--------+--------+--------+--------+-----+--------+

Top non-repeatable levels by time:
     D:4: 680 daAuts
     D:3: 520 daAuts
     D:5: 478 daAuts
     D:2: 443 daAuts
     D:6: 298 daAuts
     D:1: 143 daAuts
  Temple: 45 daAuts
